 Dungeon Crawl Stone Soup version 0.27-a0-668-gb5737ff2c0 (webtiles) character file.

Game seed: 17138625660332477347

160 funkygono the Shield-Bearer (level 5, 0/33 HPs)
             Began as a Gargoyle Fighter on Mar 17, 2021.
             Slain by an orc
             ... wielding a +0 flail
              (6 damage)
             ... on level 3 of the Dungeon.
             The game lasted 00:03:56 (2733 turns).

funkygono the Shield-Bearer (Gargoyle Fighter)      Turns: 2733, Time: 00:03:57

Health: 0/33       AC: 11    Str: 21    XL:     5   Next: 41%
Magic:  5/5        EV:  7    Int:  8    God:
Gold:   73         SH:  9    Dex:  9    Spells: 4/4 levels left

rFire    . . .     SeeInvis .   a - +0 flail
rCold    . . .     Faith    .   c - +0 kite shield
rNeg     + . .     Spirit   .   b - +0 scale mail
rPois    ∞         Reflect  .   (no helmet)
rElec    +         Harm     .   (no cloak)
rCorr    .         Rampage  .   (no gloves)
Will     .....                  (no boots)
Stlth    ..........             (no amulet)
HPRegen  0.11/turn              r - ring of flight
MPRegen  0.09/turn              (no ring)

@: no status effects
A: AC +4, negative energy resistance 1, electricity resistance, torment
resistance 1, unbreathing 1, petrification resistance
a: Evoke Flight


You were on level 3 of the Dungeon.
You visited 1 branch of the dungeon, and saw 3 of its levels.

You collected 73 gold pieces.

Inventory:

Hand Weapons
 a - a +0 flail (weapon)
 e - a +0 hand crossbow
 m - a +0 whip
Missiles
 f - 47 arrows
 i - 90 stones (quivered)
 n - 8 poisoned darts
Armour
 b - a +0 scale mail (worn)
 c - a +0 kite shield (worn)
Jewellery
 r - a ring of flight (right hand)
Scrolls
 h - a scroll of magic mapping {unknown}
Potions
 d - 2 potions of might
 g - a potion of invisibility
 j - a potion of heal wounds {unknown}
 l - a potion of resistance


   Skills:
 + Level 3.8 Fighting
 + Level 3.6 Maces & Flails
 * Level 1.0 Crossbows
 + Level 3.8 Armour
 + Level 1.0 Dodging
 + Level 4.0 Shields


You had 4 spell levels left.
You didn't know any spells.
Your spell library was empty.

Dungeon Overview and Level Annotations

Branches:
Dungeon (3/15)

Altars:
Elyvilon
Nemelex Xobeh


Innate Abilities, Weirdness & Mutations

Your stone body is resilient. (AC +4)
You are immune to poison.
You resist negative energy. (rN+)
You are resistant to electric shocks. (rElec)
You are resistant to unholy torment.
You can survive without breathing.
You are immune to petrification.


Message History

The orc wizard is severely wounded.
The orc wizard casts a spell at you. You resist with some effort.
You block the orc wizard's attack.
Your shield prevents you from hitting the orc wizard.
The orc wizard is severely wounded.
You block the orc wizard's attack.
Your shield prevents you from hitting the orc wizard.
The orc wizard is severely wounded.
The orc wizard hits you with a +0 dagger.
The orc wizard casts a spell at you.
The puff of flame hits you but does no damage.
You closely miss the orc wizard.
The orc wizard is severely wounded.
You block the orc wizard's attack.
You hit the orc wizard.
The orc wizard is almost dead.
The orc wizard hits you but does no damage.
You hit the orc wizard but do no damage.
The orc wizard is almost dead.
The orc wizard closely misses you. You block the orc wizard's attack.
You sock the orc wizard!
You kill the orc wizard!
The orc hits you but does no damage.
Your Crossbows skill increases to level 1!
Your Dodging skill increases to level 1!
Your shield and scale mail prevent you from hitting the orc.
You block the orc's attack.
You hit the orc.
The orc is heavily wounded.
You block the orc's attack.
You sock the orc!
You kill the orc!
The orc hits you with a +0 flail!
* * * LOW HITPOINT WARNING * * *
You closely miss the orc. The orc hits you with a +0 flail.
* * * LOW HITPOINT WARNING * * *
You hit the orc.
The orc is moderately wounded.
The orc hits you with a +0 flail.
You die...

#.. #.. ###..
#...# ...# ..# #g#
#o# #@# #.# #.#
#.# #.#
############ #.#
#..........#
##.###..........##
#................#
#.####...........#


You could see an orc and a goblin.

Vanquished Creatures
  An orc priest (D:3)
  An orc wizard (D:3)
  3 adders
  2 oozes (D:2)
  2 worms
  2 dart slugs (D:1)
  6 orcs
  A ball python (D:2)
  5 bats
  2 giant cockroaches (D:1)
  5 goblins
  4 hobgoblins
  3 jackals (D:1)
  2 quokkas
  4 frilled lizards (D:2)
  6 kobolds
  5 rats
54 creatures vanquished.

Vanquished Creatures (others)
  A goblin (D:2)
1 creature vanquished.

Grand Total: 55 creatures vanquished

Notes
Turn   | Place    | Note
-------+----------+-------------------------------------------
     0 | D:1      | funkygono the Gargoyle Fighter began the quest for the Orb.
     0 | D:1      | Reached XP level 1. HP: 14/14 MP: 1/1
    45 | D:1      | Reached XP level 2. HP: 8/19 MP: 2/2
   601 | D:1      | Reached XP level 3. HP: 23/23 MP: 3/3
  1285 | D:2      | Reached XP level 4. HP: 26/29 MP: 4/4
  1370 | D:2      | Found a sparkling altar of Nemelex Xobeh.
  2239 | D:3      | Reached skill level 4 in Shields
  2239 | D:3      | Reached XP level 5. HP: 6/33 MP: 5/5
  2652 | D:3      | Found a white marble altar of Elyvilon.
  2729 | D:3      | Reached skill level 1 in Crossbows
  2729 | D:3      | Reached skill level 1 in Dodging
  2733 | D:3      | Slain by an orc

Illustrated notes

Levels and vault maps discovered:
D:1:      mushboom_english_gardens, layout_rooms
D:2:      layout_basic, mrwooster_statue_mirror, roderic_lattice_a,
          nemelex_dance_club_becter
D:3:      cheibrodos_helix_gallery, layout_basic, elyvilon_altar_5,
          serial_shops, nicolae_shop_temple_entry_statues_fountains

Skill      XL: |  1  2  3  4  5 |
---------------+----------------+-----
Maces & Flails | 3 |  3.6
Shields        | 4 |  4.0
Crossbows      | 1 |  1.0
Dodging        | 1 |  1.0
Fighting       | |  3.8
Armour         | |  3.8

Action                   |  1- 3 |  4- 6 || total
-------------------------+-------+-------++-------
Melee: Flail             |   133 |    60 ||   193
       Whip              |       |    67 ||    67
  Use: Scroll            |     2 |     6 ||     8
Armor: Scale mail        |    87 |    44 ||   131
Dodge: Dodged            |    59 |    26 ||    85
Block: Kite shield       |    81 |    43 ||   124

Table legend: (Time is in decaauts)
 A = Elapsed time spent in this place.
 B = Non-inter-level travel time spent in this place.
 C = Inter-level travel time spent in this place.
 D = Time resting spent in this place.
 E = Time spent auto-exploring this place.
 F = Levels seen in this place.
 G = Mean time per level.
                   A        B        C        D        E       F      G
               +--------+--------+--------+--------+--------+-----+--------+
         Total |   2839 |   2821 |     18 |    232 |   1936 |   3 |  946.3 |
       Dungeon |   2839 |   2821 |     18 |    232 |   1936 |   3 |  946.3 |
               +--------+--------+--------+--------+--------+-----+--------+

Top non-repeatable levels by time:
     D:2: 1228 daAuts
     D:1: 976 daAuts
     D:3: 634 daAuts
